 Dungeon Crawl Stone Soup version 0.28-a0-32-g8dfe7f97f6 (webtiles) character file.

Game seed: 18374856225003036832

206 bande the Shield-Bearer (level 5, 33/33 HPs)
             Began as a Gargoyle Fighter on July 28, 2021.
             Quit the game on level 3 of the Dungeon.
             The game lasted 00:04:25 (2932 turns).

bande the Shield-Bearer (Gargoyle Fighter)          Turns: 2932, Time: 00:04:26

Health: 33/33      AC:  9    Str: 17    XL:     5   Next: 84%
Magic:  5/5        EV:  7    Int:  9    God:
Gold:   77         SH:  9    Dex: 10    Spells: 4/4 levels left

rFire   . . .      SeeInvis .   a - +0 war axe (spect)
rCold   . . .      Faith    .   c - +0 kite shield
rNeg    + . .      Spirit   .   b - +0 scale mail
rPois   ∞          Reflect  .   (no helmet)
rElec   +          Harm     .   (no cloak)
rCorr   .          Rampage  .   f - +0 pair of gloves
Will    +....                   (no boots)
Stlth   ..........              (no amulet)
HPRegen 0.11/turn               (no ring)
MPRegen 0.09/turn               (no ring)

@: no status effects
A: sickness immunity, AC +4, negative energy resistance 1, electricity
resistance, torment resistance 1, petrification resistance, fangs 1, deformed
body, strong-willed 1, weak 1
a: no special abilities


You were on level 3 of the Dungeon.
You visited 1 branch of the dungeon, and saw 3 of its levels.

You collected 77 gold pieces.

Inventory:

Hand Weapons
 a - a +0 spectral war axe (weapon)
Armour
 b - a +0 scale mail (worn)
 c - a +0 kite shield (worn)
 f - a +0 pair of gloves (worn)
Jewellery
 h - a ring of ice
Potions
 d - a potion of might
 e - a potion of berserk rage
 g - 2 potions of heal wounds {unknown}
 k - 2 potions of lignification {unknown}
 l - a potion of curing {unknown}


   Skills:
 + Level 3.9 Fighting
 + Level 3.4 Axes
 + Level 4.2 Armour
 + Level 0.7 Dodging
 - Level 0.2 Stealth
 + Level 4.5 Shields


You had 4 spell levels left.
You didn't know any spells.
Your spell library contained the following spells:

 Spells                   Type           Power      Damage    Failure   Level
 Apportation              Tloc           0%         N/A       99%         1
 Beastly Appendage        Tmut           0%         N/A       99%         1
 Wereblood                Tmut           0%         N/A       100%        2
 Inner Flame              Hex/Fire       0%         N/A       100%        3
 Spider Form              Tmut/Pois      0%         N/A       100%        3
 Alistair's Intoxication  Tmut/Pois      0%         N/A       100%        5
 Invisibility             Hex            0%         N/A       100%        6
 Starburst                Conj/Fire      0%         8x6d3     100%        6
 Lehudib's Crystal Spear  Conj/Erth      0%         10d2      100%        8


Dungeon Overview and Level Annotations

Branches:
Dungeon (3/15)

Altars:


Innate Abilities, Weirdness & Mutations

You are immune to sickness and miasma.
Your stone body is resilient. (AC +4)
You are immune to poison.
You resist negative energy. (rN+)
You are resistant to electric shocks. (rElec)
You are resistant to unholy torment.
You are immune to petrification.
You have very sharp teeth.
Armour fits poorly on your strangely shaped body.
You are strong-willed. (Will+)
You are weak. (Str -2)


Message History

Your spectral +0 spectral war axe closely misses the orc.
The orc hits you but does no damage.
You slash the orc!
You kill the orc!
Things that are here:
a +0 whip; a +0 scale mail You start resting.
You start resting.
HP restored.
You start waiting.
Done waiting.
Things that are here:
a +0 whip; a +0 scale mail
Items here: )) ÷÷.
Okay, then.
Things that are here:
a +0 dagger; a +0 robe; an orc skeleton A ball python and a rat come into view.
There are monsters nearby!
You see here a scroll of identify.
You slash the ball python!
You kill the ball python!
You block the rat's attack.
You slash the rat!
You kill the rat!
No target in view!
No target in view!
No target in view!
No target in view!
No target in view!
No target in view!
No target in view!
j - a scroll of identify
As you read the scroll of identify, it crumbles to dust.
i - a potion of mutation Really quaff the potion of mutation?
You feel extremely strange.
You feel weaker.
Your body twists and deforms.
You feel strong-willed.
Your teeth lengthen and sharpen.
Are you sure you want to abandon this character and quit the game? (Confirm with "yes".)

*,* ******,## **,**,** *,*
######.##*,**,*,** *,*
#.......#,**,***,* *,*
#........**,** **, **,**
#.......#*,******* **,*,**
#.......#**,**,,,, *,***,*
#†......# ****,**, **,*,**
#.......# *,*8,8*,
**,**####@......# *,,,,,,,
*,* #.....#.#### *,*8,8**
*,* #.###.#.#### *,**,** *,*
#.#....)...# *,,,,*
*,*##....)#)##.###.#***
*,..........)......#
**********####...##.##.#####
,,,,,,,,,,,,*###.##.##.# **
****,,,***,,* #.......# *,


There were no monsters in sight!

Vanquished Creatures
  A water moccasin skeleton (D:2)
  An orc priest (D:3)
  An orc wizard (D:3)
  4 adders (D:2)
  A worm (D:2)
  A dart slug (D:1)
  3 orcs (D:3)
  5 ball pythons
  3 endoplasms
  3 giant cockroaches (D:1)
  6 goblins
  A hobgoblin (D:1)
  6 jackals (D:1)
  5 quokkas
  7 bats
  2 frilled lizards (D:2)
  5 kobolds
  5 rats
60 creatures vanquished.

Vanquished Creatures (others)
  7 plants (D:1)
7 creatures vanquished.

Grand Total: 67 creatures vanquished

Notes
Turn   | Place    | Note
-------+----------+-------------------------------------------
     0 | D:1      | bande the Gargoyle Fighter began the quest for the Orb.
     0 | D:1      | Reached XP level 1. HP: 14/14 MP: 1/1
   287 | D:1      | Reached XP level 2. HP: 19/19 MP: 2/2
   608 | D:1      | Reached XP level 3. HP: 21/23 MP: 3/3
  1567 | D:2      | Reached XP level 4. HP: 12/29 MP: 4/4
  1817 | D:2      | Reached XP level 5. HP: 29/33 MP: 5/5
  2036 | D:2      | Got Sif Muna's Catalogue of Blistering Conjuration
  2316 | D:2      | Found a faded altar of an unknown god.
  2931 | D:3      | Gained mutation: You are weak. (Str -2) [potion of
                  | mutation]
  2931 | D:3      | Gained mutation: Armour fits poorly on your strangely
                  | shaped body. [potion of mutation]
  2931 | D:3      | Gained mutation: You are strong-willed. (Will+) [potion of
                  | mutation]
  2931 | D:3      | Gained mutation: You have very sharp teeth. [potion of
                  | mutation]
  2932 | D:3      | Quit the game

Illustrated notes

Levels and vault maps discovered:
D:1:      dpeg_arrival_refuge, layout_basic, st_stairs_6, serial_bayou_ford_a
D:2:      layout_loops_corners, dilly_ecumenical_altar_fadedgnrine,
          minmay_pentomino_pile
D:3:      layout_loops_cross, small_statue_intersection

Skill      XL: |  1  2  3  4 |
---------------+-------------+-----
Axes           | 2 3 |  3.4
Armour         | 4 |  4.2
Shields        | 4 |  4.5
Fighting       | |  3.9
Dodging        | |  0.7
Stealth        | |  0.2

Action                   |  1- 3 |  4- 6 || total
-------------------------+-------+-------++-------
Melee: War axe           |    98 |    56 ||   154
  Use: Scroll            |     3 |     3 ||     6
       Potion            |       |     1 ||     1
Armor: Scale mail        |    56 |    30 ||    86
Dodge: Dodged            |    34 |    21 ||    55
Block: Kite shield       |    63 |    38 ||   101

Table legend: (Time is in decaauts)
 A = Elapsed time spent in this place.
 B = Non-inter-level travel time spent in this place.
 C = Inter-level travel time spent in this place.
 D = Time resting spent in this place.
 E = Time spent auto-exploring this place.
 F = Levels seen in this place.
 G = Mean time per level.
                   A        B        C        D        E       F      G
               +--------+--------+--------+--------+--------+-----+--------+
         Total |   3033 |   3028 |      5 |    505 |   1987 |   3 | 1011.0 |
       Dungeon |   3033 |   3028 |      5 |    505 |   1987 |   3 | 1011.0 |
               +--------+--------+--------+--------+--------+-----+--------+

Top non-repeatable levels by time:
     D:1: 1426 daAuts
     D:2: 1297 daAuts
     D:3: 310 daAuts
